 Dungeon Crawl Stone Soup version 0.31-a0-1068-g5939ac1fb6 (webtiles) character file.

Game seed: 4660213975599684275

862770 Turgor the Merry Ant (level 27, -1/228 HPs)
             Began as a Formicid Hunter on Nov 20, 2023.
             Was an Initiate of Gozag.
             Engulfed by Axiejaaw the pandemonium lord's freezing vapour (10 damage)
             ... on level 21 of a ziggurat on Nov 25, 2023.
             The game lasted 13:32:40 (115350 turns).

Turgor the Merry Ant (Formicid Hunter)            Turns: 115350, Time: 13:32:42

Health: -1/228     AC: 22    Str: 22    XL:     27
Magic:  49/49      EV: 31    Int: 34    God:    Gozag
Gold:   10996      SH: 13    Dex: 30    Spells: 9/70 levels left

rFire   . . .        W - staff of earth
rCold   . . .        P - +3 warlock's mirror {omnireflect}
rNeg    . . .        X - +4 robe of Augmentation {Str+4 Int+4 Dex+4}
rPois   .            (helmet unavailable)
rElec   .            y - +4 dragonskin cloak
rCorr   .            E - +2 pair of gloves of the Tuna {Regen+ Slay+3}
SInv    +            K - +2 pair of boots {Fly}
Will    +++..        d - amulet of Trepidation {Acrobat Int+8 Slay+2}
Stlth   +++++        w - ring "Neguxid" {AC+4 Str+3 Slay+3 Stlth+}
HPRegen 1.38/turn    O - ring of the Sneaky Coins {EV+5 Int+4 Dex+3}
MPRegen 0.31/turn

%: reflection, acrobat
@: brilliant, flying, studying 4 skills, silenced
A: permanent stasis, dig shafts and tunnels, antennae 3, four strong arms,
talons 1, agile 1, deformed body, deterioration 1, strong-willed 1, weak 1
}: 6/15 runes: decaying, serpentine, slimy, silver, golden, abyssal
a: Dig, Shaft Self, Renounce Religion


You were on level 21 of a ziggurat.
You worshipped Gozag.
Gozag was extremely pleased with you.
You visited 14 branches of the dungeon, and saw 59 of its levels.
You visited the Abyss 5 times.
You visited 1 bazaar.
You visited 1 ziggurat, and saw 21 of its levels.
You also visited: Ice Cave and Volcano.

You collected 44636 gold pieces.
You spent 9911 gold pieces at shops.
You paid 23729 gold pieces to Gozag.

Inventory:

Hand Weapons
 k - the +7 eveningstar of the Heart {heavy, rElec rPois rC+ Int+2}
   (You found it on level 8 of a ziggurat)

   Int+2:     It affects your intelligence (+2).
   rC+:       It protects you from cold.
   rElec:     It insulates you from electricity.
   rPois:     It protects you from poison
 A - the +5 scythe "Finisher" {speed, execute}
   (You found it on level 13 of a ziggurat)
 G - the +6 battleaxe of Plunder {freeze, *Rage rElec rN+ Int+4}
   (You found it on level 11 of a ziggurat)

   Int+4:     It affects your intelligence (+4).
   rElec:     It insulates you from electricity.
   rN+:       It protects you from negative energy.
   *Rage:     It berserks you when you make melee attacks (+20% chance).
 Y - the +8 longbow "Zephyr" {speed, Dex+3 SInv}
   (You found it on level 3 of the Crypt)

   Dex+3:     It affects your dexterity (+3).
   SInv:      It lets you see invisible.
Missiles
 e - 10 silver javelins
Armour
 y - the +4 dragonskin cloak (worn)
   (You took it off Tiamat on level 1 of the Realm of Zot)

   Avatar's Aegis: It grants the wearer a chance to resist fire, cold, poison,
   electricity, acid, and negative energy.
 E - the +2 pair of gloves of the Tuna (worn) {Regen+ Slay+3}
   (You found it on level 2 of the Realm of Zot)

   Slay+3:    It affects your accuracy & damage with ranged weapons and melee
   (+3).
   Regen+:    It increases your rate of health regeneration.
 H - a +4 kite shield of protection
 I - the +4 robe of Folly {Brill Will-∞ Int+8}
   (You found it on level 19 of a ziggurat)

   Brill:     It increases the power of your magical spells and halves their MP
   cost (rounding up).
   Will-∞: It reduces your willpower to zero.
   Int+8:     It affects your intelligence (+8).
 K - a +2 pair of boots of flying (worn)
 P - the +3 warlock's mirror (worn) {omnireflect}
   (You found it on level 12 of a ziggurat)

   Omnireflect: It can block and reflect piercing ranged attacks and magical
   attacks against the wielder's willpower.
 X - the +4 robe of Augmentation (worn) {Str+4 Int+4 Dex+4}
   (You found it on level 2 of the Lair of Beasts)

   Str+4:     It affects your strength (+4).
   Int+4:     It affects your intelligence (+4).
   Dex+4:     It affects your dexterity (+4).
Magical Staves
 n - the staff of Tension {Int+2 Conj}
   (You found it on level 3 of the Tomb of the Ancients)

   [staff of conjuration]

   Base accuracy: +5 Base damage: 5 Base attack delay: 1.2 This weapon's minimum
   attack delay (0.6) is reached at skill level 12.
   Int+2:     It affects your intelligence (+2).
   Conj:      It increases the power of your Conjurations spells.
   It falls into the 'Staves' category.
   It is a weapon for one hand-pair.
 C - a staff of cold
 N - a staff of fire
 W - a staff of earth (weapon)
Jewellery
 a - a ring of protection from cold
 c - the amulet of Oshin {Spirit -Tele rElec rN+ Int+3}
   (You bought it in a shop on level 3 of the Snake Pit)

   [amulet of guardian spirit]

   Spirit:    It causes incoming damage to be divided between your reserves of
   health and magic.
   Int+3:     It affects your intelligence (+3).
   rElec:     It insulates you from electricity.
   rN+:       It protects you from negative energy.
   -Tele:     It prevents most forms of teleportation.
 d - the amulet of Trepidation (around neck) {Acrobat Int+8 Slay+2}
   (You acquired it on level 11 of the Dungeon)

   [amulet of the acrobat]

   Acrobat:   It increases your evasion while moving and waiting.
   Int+8:     It affects your intelligence (+8).
   Slay+2:    It affects your accuracy & damage with ranged weapons and melee
   (+2).
 i - the ring of Spite {Fire *Corrode rN+++ Will- SInv}
   (You found it on level 20 of a ziggurat)

   [ring of fire]

   Fire:      It enhances your fire magic.
   rF+:       It protects you from fire.
   rC-:       It makes you vulnerable to cold.
   rN+++:     It renders you almost immune to negative energy.
   Will-:     It decreases your willpower.
   SInv:      It lets you see invisible.
   *Corrode:  It may corrode you when you take damage.
 s - the ring of the Leaping Pariah {rPois rF+ Slay+2 SInv}
   (You found it on level 19 of a ziggurat)

   [ring of see invisible]

   Slay+2:    It affects your accuracy & damage with ranged weapons and melee
   (+2).
   rF+:       It protects you from fire.
   rPois:     It protects you from poison SInv: It lets you see invisible.
 u - the ring "Zirah" {rN++ Will+ rCorr Str-2 SInv}
   (You took it off an ironbound convoker on level 2 of the Vaults)

   [ring of willpower]

   Str-2:     It affects your strength (-2).
   rN++:      It greatly protects you from negative energy.
   Will+:     It increases your willpower.
   SInv:      It lets you see invisible.
   rCorr:     It protects you from acid and corrosion.
 w - the ring "Neguxid" (left hand) {AC+4 Str+3 Slay+3 Stlth+}
   (You found it on level 13 of a ziggurat)

   [ring of protection]

   AC+4:      It affects your AC (+4).
   Str+3:     It affects your strength (+3).
   Slay+3:    It affects your accuracy & damage with ranged weapons and melee
   (+3).
   Stlth+:    It makes you more stealthy.
 L - the ring of the Lily {Fire rElec Str+2}
   (You found it on level 11 of a ziggurat)

   [ring of fire]

   Fire:      It enhances your fire magic.
   Str+2:     It affects your strength (+2).
   rF+:       It protects you from fire.
   rC-:       It makes you vulnerable to cold.
   rElec:     It insulates you from electricity.
 M - the amulet of Vitality {RegenMP++ Regen++}
   (You found it on level 17 of a ziggurat)

   [amulet of magic regeneration]

   RegenMP:   It increases your rate of magic regeneration.
   Regen++:   It increases your rate of health regeneration.
 O - the ring of the Sneaky Coins (right hand) {EV+5 Int+4 Dex+3}
   (You bought it in a shop on level 9 of the Dungeon)

   [ring of evasion]

   EV+5:      It affects your evasion (+5).
   Int+4:     It affects your intelligence (+4).
   Dex+3:     It affects your dexterity (+3).
Talismans
 U - a talisman of death
Wands
 g - a wand of roots (108) (quivered)
 p - a wand of charming (75)
 F - a wand of quicksilver (49)
 Z - a wand of digging (33)
Scrolls
 j - 9 scrolls of enchant armour
 l - 6 scrolls of enchant weapon
 t - 15 scrolls of amnesia
 x - 16 scrolls of immolation
 z - a scroll of butterflies
 D - 10 scrolls of vulnerability
 R - 4 scrolls of brand weapon
 S - 7 scrolls of fear
 T - 25 scrolls of fog
 V - 15 scrolls of poison
Potions
 b - a potion of brilliance
 h - 2 potions of cancellation
 m - 4 potions of lignification
 o - a potion of resistance
 q - 5 potions of enlightenment
 r - 9 potions of attraction
 v - 14 potions of mutation
 B - 4 potions of magic
 J - 15 potions of curing
 Q - 7 potions of heal wounds
Miscellaneous
 f - a phial of floods


   Skills:
 - Level 21.0 Fighting
 O Level 27 Ranged Weapons
 - Level 9.0 Armour
 - Level 13.0 Dodging
 - Level 6.0 Stealth
 - Level 15.0 Shields
 - Level 22.0 Spellcasting
 - Level 18.0 Conjurations
 - Level 3.3 Necromancy
 - Level 9.0 Transmutations
 * Level 19.3 Fire Magic
 O Level 27 Ice Magic
 O Level 27 Earth Magic
 - Level 14.0 Poison Magic
 - Level 9.0 Evocations
 * Level 8.5 Shapeshifting


You had 9 spell levels left.
You knew the following spells:

 Your Spells              Type           Power      Damage    Failure   Level
a - Borgnjor's Vile Clut  Necr/Erth      71%        N/A       1%          5
b - Fire Storm            Conj/Fire      64%        8d16      38%         9
c - Bombard               Conj/Erth      81%        9d13      0%          6
d - Lee's Rapid Deconstr  Erth           86%        3d38*     0%          5
i - Ignition              Fire           65%        3d17      1%          8
l - Lehudib's Crystal Sp  Conj/Erth      81%        10d18     1%          8
p - Passwall              Tmut/Erth      100%       N/A       0%          2
s - Shatter               Erth           86%        3d62*     1%          9
v - Polar Vortex          Ice            73%        12d9*     1%          9

Your spell library contained the following spells:

 Spells                   Type           Power      Damage    Failure   Level
 Foxfire                  Conj/Fire      100%       2x1d9     0%          1
 Freeze                   Ice            100%       1d10      0%          1
 Kiss of Death            Conj/Necr      100%       2d13      0%          1
 Magic Dart               Conj           100%       1d8       0%          1
 Sandblast                Erth           100%       2d20      0%          1
 Sting                    Tmut/Pois      100%       1d8       0%          1
 Ensorcelled Hibernation  Hex/Ice        100%       N/A       0%          2
 Scorch                   Fire           100%       2d9       0%          2
 Searing Ray              Conj           100%       2d8       0%          2
 Frozen Ramparts          Ice            100%       1d16      0%          3
 Hailstorm                Conj/Ice       100%       3d20      0%          3
 Ignite Poison            Fire/Tmut/Pois 100%       N/A       0%          3
 Ozocubu's Armour         Ice            100%       N/A       0%          3
 Stone Arrow              Conj/Erth      100%       3d13      0%          3
 Brom's Barrelling Bould  Conj/Erth      100%       2d11      0%          4
 Flame Wave               Conj/Fire      100%       2d21      0%          4
 Petrify                  Tmut/Erth      100%       N/A       0%          4
 Sticky Flame             Conj/Fire      100%       2d11      0%          4
 Fireball                 Conj/Fire      64%        3d24      0%          5
 Iskenderun's Battlesphe  Conj           100%       2d15      0%          5
 Ozocubu's Refrigeration  Ice            73%        4d23      0%          7
 Apportation              Tloc           100%       N/A       1%          1
 Necrotise                Necr           100%       1d9       1%          1
 Shock                    Conj/Air       100%       1d9       1%          1
 Slow                     Hex            100%       N/A       1%          1
 Summon Small Mammal      Summ           100%       N/A       1%          1
 Call Imp                 Summ           100%       N/A       1%          2
 Cigotuvi's Dreadful Rot  Necr/Pois/Air  100%       N/A       1%          2
 Jinxbite                 Hex            100%       N/A       1%          2
 Lesser Beckoning         Tloc           100%       N/A       1%          2
 Momentum Strike          Conj/Tloc      100%       3d10      1%          2
 Poisonous Vapours        Pois/Air       100%       N/A       1%          2
 Static Discharge         Conj/Air       100%       3-8/arc   1%          2
 Sublimation of Blood     Necr           74%        N/A       1%          2
 Wereblood                Tmut           99%        N/A       1%          2
 Dazzling Flash           Conj/Hex       100%       N/A       1%          3
 Inner Flame              Hex/Fire       100%       N/A       1%          3
 Mephitic Cloud           Conj/Pois/Air  100%       N/A       1%          3
 Vampiric Draining        Necr           74%        2d11      1%          3
 Volatile Blastmotes      Fire/Tloc      100%       2d18      1%          3
 Animate Armour           Summ/Erth      100%       N/A       1%          4
 Fulminant Prism          Conj/Hex       49%        3d21      1%          4
 Iskenderun's Mystic Bla  Conj/Tloc      99%        2d19      1%          4
 Leda's Liquefaction      Hex/Erth       69%        N/A       1%          4
 Olgreb's Toxic Radiance  Pois           100%       N/A       1%          4
 Summon Ice Beast         Ice/Summ       100%       N/A       1%          4
 Alistair's Intoxication  Tmut/Pois      71%        N/A       1%          5
 Arcjolt                  Conj/Air       49%        1d59      1%          5
 Freezing Cloud           Conj/Ice/Air   59%        6-21      1%          5
 Irradiate                Conj/Tmut      57%        3d30      1%          5
 Metabolic Englaciation   Hex/Ice        57%        N/A       1%          5
 Eringya's Noxious Bog    Tmut/Pois      53%        4d6       1%          6
 Starburst                Conj/Fire      64%        6d17      1%          6
 Orb of Destruction       Conj           63%        9d15      1%          7
 Call Canine Familiar     Summ           54%        N/A       2%          3
 Confusing Touch          Hex            54%        N/A       2%          3
 Gell's Gravitas          Tloc           54%        N/A       2%          3
 Sigil of Binding         Hex            54%        N/A       2%          3
 Summon Guardian Golem    Hex/Summ       54%        N/A       2%          3
 Teleport Other           Tloc           54%        N/A       2%          3
 Tukima's Dance           Hex            54%        N/A       2%          3
 Dispel Undead            Necr           74%        3d25      2%          4
 Plasma Beam              Fire/Air       50%        2x1d65    2%          6
 Yara's Violent Unravell  Hex/Tmut       40%        3d16      3%          5
 Conjure Ball Lightning   Conj/Air       49%        3x3d17    3%          6
 Anguish                  Hex/Necr       32%        N/A       4%          4
 Agony                    Necr           74%        N/A       6%          5
 Airstrike                Air            27%        2d(4-20)  9%          4
 Cause Fear               Hex            27%        N/A       9%          4
 Dimensional Bullseye     Hex/Tloc       27%        N/A       9%          4
 Manifold Assault         Tloc           54%        N/A       9%          4
 Passage of Golubria      Tloc           54%        N/A       9%          4
 Summon Lightning Spire   Summ/Air       54%        N/A       9%          4
 Spellforged Servitor     Conj/Summ      49%        N/A       19%         7
 Silence                  Hex/Air        27%        N/A       24%         5
 Summon Forest            Summ/Tloc      27%        N/A       24%         5
 Summon Mana Viper        Hex/Summ       54%        N/A       24%         5
 Death Channel            Necr           37%        N/A       34%         6
 Dispersal                Tloc           27%        N/A       78%         6
 Summon Cactus Giant      Summ           27%        N/A       78%         6
 Haunt                    Necr/Summ      32%        N/A       98%         7
 Enfeeble                 Hex            27%        N/A       100%        7
 Malign Gateway           Summ/Tloc      27%        N/A       100%        7
 Monstrous Menagerie      Summ           27%        N/A       100%        7
 Summon Hydra             Summ           27%        N/A       100%        7
 Borgnjor's Revivificati  Necr           37%        N/A       100%        8
 Discord                  Hex            27%        N/A       100%        8
 Disjunction              Tloc           27%        N/A       100%        8
 Infestation              Necr           37%        N/A       100%        8
 Maxwell's Capacitive Co  Air            27%        ∞         100%        8
 Summon Horrible Things   Summ           27%        N/A       100%        8
 Chain Lightning          Conj/Air       49%        3d66      100%        9
 Death's Door             Necr           37%        N/A       100%        9
 Dragon's Call            Summ           27%        N/A       100%        9
 Blink                    Tloc           Unusable   N/A       N/A         2
 Simulacrum               Ice/Necr       Unusable   N/A       N/A         6
 Swiftness                Air            Unusable   N/A       N/A         3
 Animate Dead             Necr           Unusable   N/A       N/A         4
 Vhi's Electric Charge    Tloc/Air       Unusable   N/A       N/A         4

Dungeon Overview and Level Annotations

Branches:
Dungeon (15/15)            Temple (1/1) D:6            Lair (5/5) D:11
  Swamp (4/4) Lair:3        Snake (4/4) Lair:3        Slime (5/5) Lair:4
    Orc (2/2) D:11            Elf (3/3) Orc:2        Vaults (5/5) D:14
  Crypt (3/3) Vaults:2       Tomb (3/3) Crypt:3      Depths (4/4) D:15
   Hell (visited)             Dis (0/7) Hell            Geh (0/7) Hell
    Coc (0/7) Hell            Tar (0/7) Hell            Zot (4/5) Depths:4
  IceCv (visited)         Volcano (visited)

Altars:
Ashenzari
Cheibriados
Dithmenos
Elyvilon
Fedhas
Gozag
Hepliaklqana
Kikubaaqudgha
Makhleb
Nemelex Xobeh
Okawaru
Qazlal
Ru
Sif Muna
Trog
Uskayaw
Vehumet
Wu Jian
Xom
Yredelemnul
Zin
The Shining One

Shops:
D:2 [   D:6 ?   D:9 =   D:10 =   D:11 ?*?   Orc:2 [[!*   Elf:3 *   Snake:2 **
Snake:3 :[(=   Snake:4 (?   Depths:4 ==:*

Portals:
Hell: Depths:1 Depths:3 Depths:4
Abyss: Depths:1 Depths:3 Depths:4
Pandemonium: Depths:3 Depths:4

Annotations:
Depths:2 exclusion: 3 doors, Bai Suzhen


Innate Abilities, Weirdness & Mutations

You cannot be hasted, slowed, berserked, paralysed or teleported.
You can dig through walls and to a lower floor.
You have a pair of large antennae on your head. (SInv)
Your four strong arms can wield two-handed weapons with a shield.
You have sharp toenails.
You are agile. (Dex +4, Str/Int -1)
Armour fits poorly on your strangely shaped body.
Your body sometimes deteriorates upon taking damage.
You are strong-willed. (Will+)
You are weak. (Str -2)


Message History

* * * LOW HITPOINT WARNING * * *
The ice encasing you melts away.
The merfolk changes into a water nymph!
Deimam is no longer distracted by gold.
A harpy comes into view.
Deimam calls on the powers of darkness!
The water nymph convulses!
Your body is wracked with pain!
* * * LOW HITPOINT WARNING * * *
You block Essu Baathist's attack. Ufarphaim completely misses you.
You block Axiejaaw's attack.
The harpy moves out of view.
You feel much better.
You are engulfed in freezing vapours.
You resist.
* * * LOW HITPOINT WARNING * * *
Essu Baathist gestures at you. The blast of poison misses you.
Ufarphaim hits you but does no damage.
Deimam calls on the powers of darkness!
The water nymph convulses!
Your body is wracked with pain!
* * * LOW HITPOINT WARNING * * *
Axiejaaw tentacle-slaps you but does no damage.
You block Essu Baathist's attack. Ufarphaim closely misses you.
The apocalypse crab is poisoned.
Deimam calls on the powers of darkness!
The water nymph convulses!
Your body is wracked with pain!
* * * LOW HITPOINT WARNING * * *
Axiejaaw tentacle-slaps you.
* * * LOW HITPOINT WARNING * * *
Unknown command.
Magic scrolls do not work when you're silenced!
Unknown command.
Unknown command.
Unknown command.
Unknown command.
Unknown command.
Unknown command.
Unknown command.
Aiming: Quicksilver Bolt
Press: ? - help, Shift-Dir - straight line, f/p - Ufarphaim
Aim: Ufarphaim, armed with a vampiric touch (poison gas, silenced, almost dead, radiating silence, unaffected by silence, 27% to hit)
The bolt of dispelling energy misses Ufarphaim.
You are engulfed in freezing vapours.
You die...
Your body crumbles into a pile of gold.

▓▓....$...$.$...$
▓▓.......$...$$...
▓.∩.....$.&...$..S
▓▓.......$$.~m~.$.
▓▓.$........~&...
▓▓...$.$$tt.....
▓▓.○.tt°.......
▓▓○○&&☼.2.....
▓▓§@&○t......
▓▓§§☼.......
▓▓§☼§..... ▓▓▓▓▓▓▓


You could see Axiejaaw (unsilenced), Deimam (silencing, unsilenced), Dibisi
(unsilenced), Essu Baathist (unsilenced), Ufarphaim (silencing, unsilenced), a
lorocyproca (invisible), 5 apocalypse crabs and a water nymph shaped shifter.

Vanquished Creatures
  the Royal Jelly (Slime:5)
  Tiamat (Zot:1)
  3 dread liches
  An ancient lich (Vaults:5)
  3 orbs of fire
  Mara (Elf:3)
  8 pandemonium lords
  29 royal mummies
  Sojobo (Crypt:1)
  2 juggernauts (Depths:3)
  Boris (thrice) (Vaults:5 Crypt:3 Tomb:1)
  Vv (Zot:4)
  7 Killer Klowns
  Vashnia (Snake:4)
  Saint Roka (Crypt:1)
  Xtahua (Vaults:4)
  5 curse toes
  22 golden dragons
  Geryon (Hell)
  4 profane servitors
  23 bone dragons
  Jory (Vaults:4)
  Nikola (Swamp:1)
  16 doom hounds
  2 Brimstone Fiends (Zig:11)
  3 Tzitzimimeh
  Rupert (D:13)
  The ghost of Armakuni the Brawler, an adept DrMo of Elyvilon (Vaults:2)
  21 tentacled monstrosities
  Zenata (Vaults:3)
  3 hellephants
  A walking earthen tome (Depths:3)
  Jorgrun (Elf:1)
  A shard shrike skeleton (Abyss:3)
  10 tainted leviathans
  6 liches
  A walking crystal tome (Depths:3)
  4 searing wretches (Zig:11)
  A deep elf master archer (Elf:3)
  12 sphinxes
  8 quicksilver dragons
  4 titans (Vaults:5)
  20 acid blobs
  A deep elf blademaster (Elf:3)
  A quicksilver dragon (shapeshifter) (Zig:21)
  10 ancient champions
  A kraken (Abyss:4)
  11 tentacled starspawn
  7 death cobs
  5 thorn hunters
  Frances (D:13)
  9 tengu reavers
  Aizul (Snake:1)
  6 revenants
  19 shadow dragons
  10 azure jellies
  18 storm dragons
  7 fire giants
  7 draconian knights
  9 draconian monks
  2 fenstrider witches (Zig:16)
  A daeva (Abyss:4)
  Donald (Vaults:1)
  12 rockslimes
  2 frost giants (shapeshifter) (Zig:21)
  15 nagarajas
  18 vault wardens
  8 balrugs
  A spectral caustic shrike (Zig:19)
  6 draconian scorchers
  7 deep elf sorcerers
  2 emperor scorpions (Zig:20)
  7 draconian shifters
  3 frost giants
  Louise (Depths:3)
  13 ghost moths
  7 iron dragons
  2 curse skulls (Crypt:3)
  14 ghouls
  7 deep elf elementalists
  A cacodemon (Abyss:4)
  A caustic shrike zombie (Abyss:3)
  11 draconian annihilators
  20 ironbound preservers
  10 quicksilver oozes
  A juggernaut skeleton (Crypt:2)
  2 spriggan defenders (Depths:4)
  4 orc warlords
  30 very ugly things
  8 reapers
  A stone giant (shapeshifter) (Zig:12)
  2 broodmothers (Zig:20)
  A broodmother (shapeshifter) (Depths:2)
  2 hydra skeletons
  9 ironbound thunderhulks
  15 stone giants
  A caustic shrike skeleton (Tomb:2)
  4 starflowers (Abyss:2)
  2 draconian stormcallers
  5 formless jellyfish
  12 green draconians
  9 putrid mouths
  A formless jellyfish (shapeshifter) (Depths:2)
  15 red draconians
  5 war gargoyles
  11 deep elf demonologists
  The ghost of Cesoluadot the Slicer, a journeyman DsFi of Trog (Lair:4)
  7 vampire knights
  20 dire elephants
  5 eleionomae
  10 bennus
  14 black draconians
  A wendigo (Hell)
  14 yellow draconians
  A lorocyproca (Hell)
  5 spark wasps
  Azrael (D:13)
  8 bunyips
  4 deep elf annihilators
  8 purple draconians
  13 eidola
  10 white draconians
  14 ettins
  9 deep elf death magi
  Snorg (D:14)
  4 blizzard demons
  A spectral quicksilver dragon (Zig:19)
  A green death (Zig:16)
  A crystal guardian (Hell)
  2 merfolk impalers
  3 iron golems
  3 merfolk javelineers (Zig:5)
  25 yaktaur captains
  Josephine (Lair:5)
  14 fire dragons
  5 shambling mangroves
  A spectral golden dragon (Zig:19)
  7 jiangshi
  24 mummy priests
  An entropy weaver (shapeshifter) (Depths:2)
  11 great orbs of eyes
  3 rakshasas
  4 entropy weavers
  6 deep elf high priests
  4 spriggan zombies
  A spectral spriggan (Zig:19)
  A hell beast (Depths:1)
  25 hydras
  13 salamander tyrants
  43 vault guards
  12 ice dragons
  2 caustic shrike simulacra
  3 peacekeepers
  A spriggan air mage (Depths:4)
  16 anacondas
  2 jorogumos (Zig:20)
  A jorogumo (shapeshifter) (Depths:2)
  7 alligators
  5 ghost crabs
  4 catoblepae
  13 centaur warriors
  A juggernaut simulacrum (Hell)
  4 ogre magi
  4 radroaches (Zig:20)
  16 two-headed ogres
  12 ironbound frosthearts
  86 death scarabs
  A merfolk avatar (Zig:5)
  8 boulder beetles
  11 naga warriors
  20 death yaks
  3 death knights
  A spriggan skeleton (Tomb:1)
  6 deep troll shamans
  A titan zombie (Tomb:2)
  6 deep troll earth magi
  31 dancing weapons
  7 shock serpents
  8 hell hogs
  A tengu warrior (D:15)
  5 vampire magi
  2 occultists
  4 demonic crawlers (Zig:20)
  19 naga sharpshooters
  13 wretched stars
  A shock serpent (shapeshifter) (Vaults:5)
  2 titan skeletons
  3 soul eaters
  16 thrashing horrors
  A storm dragon zombie (Hell)
  5 skysharks
  6 orc high priests
  3 salamander mystics
  12 sun demons
  3 crystal echidnas (Hell)
  13 hell knights
  22 deep elf knights
  A sixfirhy (Abyss:1)
  2 pharaoh ants (Zig:20)
  2 skysharks (shapeshifter)
  2 storm dragon skeletons (Crypt:2)
  A sun moth (Zig:20)
  2 shadow wraiths
  2 goliath frogs (shapeshifter)
  6 iron trolls
  4 spatial maelstroms
  An anaconda zombie (Crypt:2)
  A deep troll (shapeshifter) (Vaults:5)
  2 golden dragon zombies
  9 goliath frogs
  7 spriggan druids
  An orb spider (Zig:20)
  7 glowing orange brains
  A bunyip zombie (Tomb:1)
  The ghost of decrepitude the Mimic, a novice OpSh of the Shining One (D:6)
  32 large abominations
  5 spectral hydras (Swamp:4)
  5 death drakes
  10 arcanists
  40 skeletal warriors
  2 orange crystal statues (Hell)
  3 spriggan simulacra
  7 deep elf archers
  A harpy (shapeshifter) (D:13)
  27 phantasmal warriors
  8 swamp dragons
  14 bog bodies
  4 naga ritualists
  8 flayed ghosts
  12 lindwurms
  A lindwurm (shapeshifter) (Vaults:5)
  5 wolf spiders (Crypt:3)
  33 deep elf zephyrmancers
  17 ironbound convokers
  5 harpies
  27 deep elf pyromancers
  61 deep trolls
  15 necromancers
  4 obsidian statues
  3 oklob plants (Swamp:4)
  21 orc knights
  3 steelbarb worms (Zig:20)
  9 orc sorcerers
  A wolf spider (shapeshifter) (Zig:21)
  4 human zombies
  42 ugly things
  A stone giant zombie (Vaults:4)
  11 salamanders
  4 shining eyes
  An iron dragon zombie (Crypt:3)
  2 cyclopes
  23 moths of wrath
  6 mana vipers
  6 will-o-the-wisps
  7 worldbinders
  A shining eye (shapeshifter) (Vaults:5)
  An elephant (shapeshifter) (Vaults:5)
  Maurice (D:8)
  5 manticores
  A human skeleton (Vaults:4)
  Joseph (D:7)
  22 vault sentinels
  4 eyes of devastation
  12 apocalypse crabs
  3 naga zombies (Crypt:3)
  16 guardian serpents
  8 elephants
  3 molten gargoyles (Hell)
  3 torpor snails
  7 orange demons
  16 naga magi
  39 black mambas
  2 dire elephant zombies
  The ghost of rocker the Twirler, a novice DgGl (D:5)
  24 smoke demons
  29 yaktaurs
  13 cane toads
  2 elf skeletons
  3 gargoyles
  2 alligator snapping turtle zombies (Crypt:3)
  A yaktaur (shapeshifter) (Abyss:3)
  2 efreet
  A minotaur zombie (Crypt:1)
  An unseen horror zombie (Crypt:1)
  A kobold demonologist (D:14)
  4 rime drakes
  4 hellions
  A tengu conjurer (D:13)
  15 freezing wraiths
  3 ice devils
  11 tormentors
  3 anaconda simulacra
  8 komodo dragons
  A purple draconian skeleton (Crypt:1)
  A spectral glowing shapeshifter (Zig:18)
  47 guardian mummies
  3 harpy zombies
  A yaktaur skeleton (Vaults:4)
  6 red devils (Volcano)
  2 hellwings (Abyss:4)
  3 death drake zombies (Swamp:4)
  A silent spectre (Zig:19)
  4 trolls
  16 ancient zymes
  2 meliai (D:14)
  A hydra zombie (Swamp:4)
  2 wind drakes
  Grinder (D:3)
  4 bloated husks
  10 tyrant leeches
  A polar bear (Lair:5)
  2 spectral guardian serpents (Crypt:1)
  A grey draconian skeleton (Crypt:1)
  37 blink frogs
  17 hornets
  7 tarantellas (Zig:20)
  34 raiju
  A dream sheep (shapeshifter) (Vaults:1)
  A boulder beetle zombie (Crypt:1)
  2 slime creatures (shapeshifter)
  A stone giant simulacrum (Hell)
  2 jumping spiders
  24 flying skulls
  15 small abominations
  2 ettin zombies
  3 glass eyes
  A black mamba zombie (Crypt:3)
  A merfolk zombie (Crypt:3)
  2 ettin skeletons
  A culicivora (shapeshifter) (Zig:21)
  7 culicivoras (Zig:20)
  15 spriggans
  A guardian serpent skeleton (Crypt:1)
  6 wyverns
  A centaur simulacrum (Hell)
  99 slime creatures
  2 vampires
  4 ynoxinuls
  10 air elementals
  13 ushabtiu
  15 water elementals
  A slime creature zombie (Crypt:1)
  4 dire elephant simulacra
  46 yaks
  10 golden eyes (Slime:3)
  Grum (D:9)
  5 basilisks
  85 starcursed masses
  4 fire bats
  14 wraiths
  6 chaos spawn
  11 fire elementals
  7 vampire mosquitoes
  13 neqoxecs
  A redback (shapeshifter) (Zig:7)
  A basilisk (shapeshifter) (Vaults:5)
  6 redbacks
  6 minotaur simulacra (IceCv)
  7 steam dragons
  2 wargs
  A harpy simulacrum (Hell)
  Edmund (D:6)
  6 acid dragons
  A spatial vortex (Abyss:3)
  15 swamp worms
  A skyshark zombie (Crypt:2)
  44 nagas
  18 hell hounds
  A demonspawn skeleton (Crypt:1)
  23 water moccasins
  3 hydra simulacra
  A naga skeleton (Abyss:4)
  47 orc warriors
  8 swamp drakes
  2 ice beasts
  2 black bears
  2 ettin simulacra
  5 swamp dragon zombies (Swamp:4)
  9 ogres
  10 wolves
  14 centaurs
  A swamp dragon skeleton (Swamp:4)
  A phantom (Crypt:3)
  Blork the orc (D:6)
  2 scorpions
  14 bullfrogs
  2 kobold brigands (D:14)
  18 necrophages
  14 earth elementals
  2 deep troll simulacra (IceCv)
  A two-headed ogre simulacrum (Tomb:3)
  A cyclops skeleton (Crypt:1)
  4 wyvern skeletons (Crypt:3)
  A polar bear zombie (Crypt:2)
  8 killer bees (D:6)
  4 electric eels
  9 howler monkeys
  2 lava snakes (D:9)
  2 centaur zombies
  4 quasits
  A bullfrog zombie (D:5)
  5 hounds
  A jelly (D:7)
  A gnoll bouda (D:4)
  27 orc priests
  A jelly (shapeshifter) (Depths:3)
  2 iron imps
  3 iguanas
  A sleepcap (D:5)
  20 orc wizards
  A hell rat (D:10)
  53 mummies
  A howler monkey zombie (Crypt:2)
  8 gnolls (D:4)
  A howler monkey skeleton (D:5)
  A river rat (D:11)
  4 adders
  2 shadow imps
  6 white imps
  6 ufetubi (Abyss:4)
  3 dart slugs
  83 orcs
  4 endoplasms
  4 giant cockroaches
  6 goblins
  10 hobgoblins
  A jackal (D:1)
  10 quokkas
  3 ball pythons
  6 bats
  3 frilled lizards (D:1)
  A jackal skeleton (Crypt:1)
  15 kobolds
  An orc zombie (Crypt:2)
  7 rats
  3 ball lightnings (Depths:2)
  3 lurking horrors
  8 starspawn tentacles
  5 tentacles (Abyss:4)
3551 creatures vanquished.

Vanquished Creatures (collateral kills)
  7 boulders
7 creatures vanquished.

Vanquished Creatures (others)
  A Killer Klown (Zig:12)
  A naga warrior (Snake:3)
  A large abomination (Abyss:3)
  A deep elf zephyrmancer (Elf:2)
  A cane toad (Lair:5)
  An ancient zyme (Abyss:3)
  A slime creature (D:13)
  A small abomination (Abyss:3)
  A golden eye (shapeshifter) (Depths:2)
  A fire elemental (D:13)
  A golden eye (Abyss:4)
  4 ball lightnings (Depths:2)
  11 boulders
  12 foxfires
  A lurking horror (Abyss:1)
  9 starspawn tentacles
  7 tentacles (Abyss:4)
55 creatures vanquished.

Grand Total: 3613 creatures vanquished

Notes
Turn   | Place    | Note
-------+----------+-------------------------------------------
     0 | D:1      | Turgor the Formicid Hunter began the quest for the Orb.
     0 | D:1      | Reached XP level 1. HP: 16/16 MP: 1/1
   190 | D:1      | Reached XP level 2. HP: 23/23 MP: 2/2
   393 | D:1      | Reached XP level 3. HP: 28/28 MP: 3/3
  1031 | D:2      | Found Heepruabb's Armour Boutique.
  1190 | D:2      | Reached XP level 4. HP: 35/35 MP: 4/4
  1194 | D:2      | Reached skill level 5 in Ranged Weapons
  1600 | D:3      | Found a faded altar of an unknown god.
  1661 | D:3      | Noticed Grinder
  2404 | D:4      | Noticed a black bear
  2419 | D:4      | Killed a black bear
  2420 | D:4      | Reached XP level 5. HP: 34/42 MP: 5/5
  2529 | D:4      | Reached XP level 6. HP: 48/48 MP: 6/6
  2679 | D:3      | Killed Grinder
  2680 | D:3      | Reached XP level 7. HP: 28/55 MP: 7/7
  2958 | D:4      | Reached skill level 5 in Fighting
  3817 | D:5      | Entered Level 5 of the Dungeon
  3902 | D:5      | Reached XP level 8. HP: 63/63 MP: 8/8
  4441 | D:5      | Found an ancient bone altar of Kikubaaqudgha.
  4846 | D:5      | Found a transporter.
  4848 | D:5      | Noticed rocker's ghost (novice DgGl)
  4852 | D:5      | Found a transporter.
  4871 | D:5      | Found a hazy altar of Hepliaklqana.
  5250 | D:6      | Noticed Blork the orc
  5260 | D:6      | Killed Blork the orc
  5360 | D:6      | Found The Oracle's Delphic Readings.
  5364 | D:6      | Bought a scroll of revelation for 90 gold pieces
  5439 | D:6      | Noticed Edmund
  5510 | D:6      | Found a transporter.
  5648 | D:6      | Noticed decrepitude's ghost (novice OpSh)
  5704 | D:6      | Found a staircase to the Ecumenical Temple.
  5713 | Temple   | Entered the Ecumenical Temple
  5740 | Temple   | Became a worshipper of Gozag Ym Sagoz the Greedy
  5815 | D:6      | Reached XP level 9. HP: 61/72 MP: 9/9
  5870 | D:6      | Learned a level 4 spell: Olgreb's Toxic Radiance
  5946 | D:6      | Found a glowing golden altar of the Shining One.
  5949 | D:6      | Found a broken altar of Ashenzari.
  5952 | D:6      | Found a hide-covered altar of Uskayaw.
  5955 | D:6      | Found a basalt altar of Yredelemnul.
  6103 | D:6      | Found a transporter.
  6348 | D:7      | Reached skill level 1 in Poison Magic
  6448 | D:7      | Reached skill level 1 in Armour
  6479 | D:7      | Noticed Joseph
  6596 | D:7      | Reached skill level 1 in Spellcasting
  7038 | D:7      | Reached skill level 10 in Ranged Weapons
  7691 | D:9      | Reached skill level 5 in Poison Magic
  7758 | D:8      | Found a shadowy altar of Dithmenos.
  7758 | D:8      | Found a sacrificial altar of Ru.
  7817 | D:8      | Noticed Maurice
  8003 | D:8      | HP: 1/72 [wyvern (11)]
  8006 | D:8      | Reached XP level 10. HP: 14/79 MP: 12/14
  8281 | D:8      | Maurice stole a serpent talisman
  8284 | D:8      | Maurice stole a ring of wizardry
  8285 | D:8      | Maurice stole a +0 arbalest
  8288 | D:8      | Killed Maurice
  8549 | D:8      | Found Ofup's Distillery.
  8553 | D:8      | Bought a potion of heal wounds for 70 gold pieces
  8553 | D:8      | Bought a potion of lignification for 42 gold pieces
  8553 | D:8      | Bought a potion of might for 56 gold pieces
  8553 | D:8      | Bought a potion of curing for 42 gold pieces
  8691 | D:8      | Found a shimmering altar of Xom.
  8956 | D:9      | Found Hibiwam's Jewellery Shoppe.
  9319 | D:9      | Noticed Grum
 10101 | D:10     | Entered Level 10 of the Dungeon
 10412 | D:10     | Noticed a two-headed ogre
 10488 | D:10     | Found Mutyjeu's Jewellery Shop.
 10626 | D:10     | Noticed a two-headed ogre
 11017 | D:10     | Killed a two-headed ogre
 11018 | D:10     | Reached skill level 5 in Armour
 11018 | D:10     | Reached XP level 11. HP: 68/84 MP: 17/17
 11476 | D:10     | Killed a two-headed ogre
 11694 | D:11     | Noticed a death yak
 11697 | D:11     | Noticed a death yak
 11820 | D:9      | Bought the ring of the Sneaky Coins {EV+5 Int+4 Dex+3} for
                  | 634 gold pieces
 11825 | D:9      | Learned a level 2 spell: Passwall
 11997 | D:5      | Killed rocker's ghost
 11998 | D:5      | Reached skill level 5 in Spellcasting
 12152 | D:6      | Reached skill level 10 in Poison Magic
 12167 | D:6      | Killed decrepitude's ghost
 12387 | D:6      | Killed Edmund
 12485 | D:7      | Killed Joseph
 13030 | D:9      | Killed Grum
 13333 | D:11     | Found a staircase to the Lair.
 13339 | D:11     | Noticed a death yak
 13367 | D:11     | Killed a death yak
 13701 | D:11     | Found Hino's Magic Scroll Boutique.
 13710 | D:11     | Bought a scroll of identify for 28 gold pieces
 13710 | D:11     | Bought a scroll of identify for 28 gold pieces
 13710 | D:11     | Bought a scroll of enchant armour for 105 gold pieces
 13710 | D:11     | Bought a scroll of identify for 28 gold pieces
 13710 | D:11     | Bought a scroll of amnesia for 56 gold pieces
 13710 | D:11     | Bought a scroll of fog for 56 gold pieces
 13861 | D:11     | Killed a death yak
 13863 | D:11     | Killed a death yak
 13864 | D:11     | Reached XP level 12. HP: 23/92 MP: 9/20
 14585 | D:11     | Found a staircase to the Orcish Mines.
 15672 | D:12     | Noticed a centaur warrior
 15696 | D:12     | Killed a centaur warrior
 15912 | D:12     | Learned a level 3 spell: Ignite Poison
 16046 | D:11     | Noticed a two-headed ogre
 16061 | Lair:1   | Entered Level 1 of the Lair of Beasts
 16252 | Lair:1   | Reached skill level 1 in Fire Magic
 16252 | Lair:1   | Reached skill level 1 in Evocations
 17477 | Lair:2   | Identified the +0 leather armour "Yvvioralokk" {+Inv Will-
                  | MP+9 Str+4}
 17862 | Lair:2   | Noticed a death yak
 17977 | Lair:2   | Reached XP level 13. HP: 96/101 MP: 8/22
 18092 | Lair:2   | Identified the +4 halberd "Taacroi" {drain, Str-4 Int+8
                  | Dex+2}
 18461 | Lair:2   | Found the +4 robe of Augmentation {Str+4 Int+4 Dex+4}
 18609 | Lair:2   | Reached skill level 5 in Fire Magic
 18701 | Lair:2   | Noticed a six-headed hydra
 18710 | Lair:2   | Killed a six-headed hydra
 19583 | Lair:3   | Noticed a catoblepas
 19597 | Lair:3   | Killed a catoblepas
 19598 | Lair:3   | Reached skill level 10 in Fighting
 20065 | Lair:3   | Found a staircase to the Swamp.
 20333 | Lair:3   | Found a staircase to the Snake Pit.
 20527 | Lair:4   | Reached skill level 5 in Evocations
 20584 | Lair:4   | Found a dark tunnel.
 20601 | Volcano  | Entered a volcano
 20614 | Volcano  | Reached XP level 14. HP: 103/111 MP: 13/23
 20870 | Volcano  | Found a large runed translucent door.
 20871 | Volcano  | Found a large runed translucent door.
 20899 | Volcano  | Found a large runed translucent door.
 20899 | Volcano  | Found a large runed translucent door.
 20921 | Volcano  | Found a large runed translucent door.
 20922 | Volcano  | Found a large runed translucent door.
 21123 | Volcano  | Found a large runed translucent door.
 21123 | Volcano  | Found a large runed translucent door.
 21305 | Volcano  | Found a large runed translucent door.
 21305 | Volcano  | Found a large runed translucent door.
 21311 | Volcano  | Found a large runed translucent door.
 21312 | Volcano  | Found a large runed translucent door.
 21326 | Volcano  | Found a large runed translucent door.
 21326 | Volcano  | Found a large runed translucent door.
 21353 | Volcano  | Found a large runed translucent door.
 21353 | Volcano  | Found a large runed translucent door.
 21398 | Volcano  | Found a large runed translucent door.
 21399 | Volcano  | Found a large runed translucent door.
 22142 | Lair:4   | Found a staircase to the Slime Pits.
 22459 | Lair:4   | Found a runed translucent door.
 22459 | Lair:4   | Noticed Cesoluadot's ghost (journeyman DsFi)
 23181 | Lair:4   | Identified a scroll of acquirement
 23181 | Lair:4   | Acquired the Codex of the Frosty Missiles
 23187 | Lair:4   | Learned a level 3 spell: Mephitic Cloud
 23214 | Lair:5   | Entered Level 5 of the Lair of Beasts
 23214 | Lair:5   | Noticed Josephine
 23286 | Lair:5   | Killed Josephine
 23908 | Lair:5   | Identified the +1 rapier of Conformity {spect, rPois Str-2
                  | SInv}
 23939 | Lair:5   | Reached XP level 15. HP: 120/120 MP: 9/24
 25174 | Lair:5   | Reached skill level 15 in Ranged Weapons
 26001 | D:11     | Bought a scroll of acquirement for 728 gold pieces
 26001 | D:11     | Acquired the amulet of Trepidation {Acrobat Int+8 Slay+2}
 26017 | D:11     | Learned a level 8 spell: Lehudib's Crystal Spear
 26096 | D:8      | Bought a potion of curing for 42 gold pieces
 26096 | D:8      | Bought a potion of brilliance for 56 gold pieces
 26096 | D:8      | Bought a potion of curing for 42 gold pieces
 26096 | D:8      | Bought a potion of brilliance for 56 gold pieces
 26189 | D:6      | Bought a scroll of butterflies for 48 gold pieces
 26189 | D:6      | Bought a scroll of enchant weapon for 90 gold pieces
 26189 | D:6      | Bought a book of Iron for 384 gold pieces
 26194 | D:6      | Learned a level 4 spell: Brom's Barrelling Boulder
 26352 | Orc:1    | Entered Level 1 of the Orcish Mines
 26387 | Orc:1    | Reached skill level 1 in Earth Magic
 26670 | Orc:1    | Reached skill level 1 in Conjurations
 26927 | Orc:2    | Entered Level 2 of the Orcish Mines
 27189 | Orc:2    | Noticed an orc warlord
 27194 | Orc:2    | Killed an orc warlord
 27195 | Orc:2    | Reached skill level 1 in Transmutations
 27948 | Orc:2    | Reached XP level 16. HP: 129/129 MP: 12/25
 28686 | Orc:2    | Found Haxicas's Antique Armour Shoppe.
 28689 | Orc:2    | Found Apam's Distillery.
 28690 | Orc:2    | Found Omicoiwe's Assorted Antiques.
 28691 | Orc:2    | Found Ahios's Antique Armour Emporium.
 28695 | Orc:2    | Bought a potion of heal wounds for 60 gold pieces
 28695 | Orc:2    | Bought 2 potions of curing for 72 gold pieces
 28695 | Orc:2    | Bought 2 potions of curing for 72 gold pieces
 28698 | Orc:2    | Bought a kite shield for 153 gold pieces
 28818 | Orc:2    | Found a staircase to the Elven Halls.
 29054 | D:13     | Reached skill level 1 in Shields
 29663 | D:13     | Noticed Azrael
 29680 | D:13     | Killed Azrael
 30110 | D:13     | Noticed Frances
 30122 | D:13     | Noticed Rupert
 30404 | D:13     | Killed Rupert
 30405 | D:13     | Reached skill level 5 in Earth Magic
 30562 | D:13     | Killed Frances
 31302 | D:14     | Noticed Snorg
 31310 | D:14     | Killed Snorg
 31542 | D:14     | Learned a level 5 spell: Lee's Rapid Deconstruction
 32088 | D:14     | Found a gate to the Vaults.
 32095 | D:14     | Reached skill level 5 in Shields
 32576 | D:15     | Entered Level 15 of the Dungeon
 32748 | D:15     | Reached XP level 17. HP: 137/137 MP: 14/27
 32751 | D:15     | Reached skill level 5 in Conjurations
 33000 | D:15     | Noticed Agnes
 33002 | D:15     | Agnes changed into Agnes the goliath frog
 33002 | D:15     | Noticed Agnes
 33005 | D:15     | Killed Agnes the goliath frog
 34477 | Swamp:1  | Entered Level 1 of the Swamp
 34905 | Swamp:1  | Noticed Nikola
 35130 | Swamp:1  | Upgraded the game from 0.31-a0-1042-ga9834b393d to
                  | 0.31-a0-1068-g5939ac1fb6
 35436 | Swamp:2  | Found a frozen archway.
 35496 | Swamp:2  | Reached skill level 5 in Transmutations
 35580 | IceCv    | Entered an ice cave
 38351 | Swamp:2  | Identified the +1 dagger of the End of Times {freeze, rN+
                  | rCorr MP+9 Int-3}
 38385 | Swamp:2  | Identified the +4 ring mail "Ruweky" {Drain Dex+6}
 39218 | Swamp:1  | Reached XP level 18. HP: 126/144 MP: 24/30
 40074 | Swamp:3  | Reached skill level 5 in Dodging
 40624 | Swamp:3  | Reached skill level 10 in Earth Magic
 41006 | Swamp:4  | Entered Level 4 of the Swamp
 44136 | Swamp:4  | Found a blossoming altar of Fedhas.
 44203 | Swamp:4  | Reached XP level 19. HP: 94/150 MP: 32/32
 44396 | Swamp:4  | Found a basalt altar of Yredelemnul.
 44409 | Swamp:4  | Got a decaying rune of Zot
 44661 | D:11     | Bought a scroll of acquirement for 988 gold pieces
 44661 | D:11     | Acquired the amulet of Kindness {Reflect rN+ SH+5}
 44740 | Snake:1  | Entered Level 1 of the Snake Pit
 45019 | Snake:1  | Identified the serpent talisman "Ocyemaq" {rC++ Stlth-}
 45019 | Snake:1  | Noticed Aizul
 45027 | Snake:1  | Killed Aizul
 45776 | Snake:2  | Found a transporter.
 46492 | Snake:2  | Found Zalau's General Store.
 46497 | Snake:2  | Found Ikubutt's Specific Store.
 46512 | Snake:2  | Bought a scroll of fear for 56 gold pieces
 46512 | Snake:2  | Bought a scroll of enchant armour for 105 gold pieces
 46533 | Snake:2  | Found a transporter.
 46659 | Snake:3  | Found Qauwky's Armour Shoppe.
 46746 | Snake:3  | Found Keagydul's Jewellery Emporium.
 46782 | Snake:3  | Found Weky's Book Shoppe.
 46786 | Snake:3  | Found Otollydu's Antique Weapon Emporium.
 46928 | Snake:3  | Identified the +0 ring mail of the Demons {Stlth+}
 47652 | Snake:3  | Reached skill level 10 in Conjurations
 47886 | Snake:4  | Entered Level 4 of the Snake Pit
 48582 | Snake:4  | Found Meeprig's Weapon Shop.
 48606 | Snake:4  | Found Daupp's Magic Scroll Shop.
 48614 | Snake:4  | Bought a scroll of fog for 56 gold pieces
 48614 | Snake:4  | Bought a scroll of fog for 56 gold pieces
 48614 | Snake:4  | Bought a scroll of enchant weapon for 105 gold pieces
 48614 | Snake:4  | Bought a scroll of revelation for 105 gold pieces
 49853 | Snake:4  | Reached XP level 20. HP: 154/157 MP: 29/33
 50191 | Snake:4  | Noticed Vashnia
 50604 | Snake:4  | Killed Vashnia
 50747 | Snake:4  | Got a serpentine rune of Zot
 51091 | Vaults:1 | Entered Level 1 of the Vaults
 51436 | Vaults:1 | Reached skill level 15 in Earth Magic
 51880 | Vaults:1 | Reached skill level 10 in Shields
 52212 | Vaults:1 | Identified the +10 plate armour of Summertime {*Slow +Blink
                  | Regen+}
 52858 | Vaults:1 | Noticed Donald
 52862 | Vaults:1 | Killed Donald
 53434 | Vaults:1 | Reached XP level 21. HP: 158/163 MP: 34/34
 54457 | Vaults:2 | Found a runed translucent door.
 54458 | Vaults:2 | Noticed Armakuni's ghost (adept DrMo)
 55271 | Vaults:2 | Learned a level 5 spell: Borgnjor's Vile Clutch
 56271 | Vaults:2 | Found a staircase to the Crypt.
 57026 | Vaults:2 | Identified the ring "Zirah" {rN++ Will+ rCorr Str-2 SInv}
 57285 | Vaults:3 | Reached skill level 1 in Necromancy
 57774 | Vaults:3 | Reached XP level 22. HP: 170/170 MP: 18/35
 58367 | Vaults:3 | Found the +9 sword of Power {lifebolt}
 58523 | Vaults:3 | Noticed Zenata
 58534 | Vaults:3 | Killed Zenata
 58673 | Vaults:3 | Learned a level 6 spell: Bombard
 59455 | Vaults:3 | Got the Meditations on Unified Embers
 60055 | Elf:1    | Entered Level 1 of the Elven Halls
 60130 | Elf:1    | Identified the +2 robe of Zetraz {Will+ Str+2}
 60191 | Elf:1    | Reached skill level 15 in Shields
 60641 | Elf:1    | Reached skill level 10 in Spellcasting
 61331 | Elf:1    | Noticed Jorgrun
 61341 | Elf:1    | Killed Jorgrun
 62082 | Elf:2    | Reached skill level 15 in Conjurations
 62083 | Elf:2    | Reached XP level 23. HP: 140/176 MP: 22/37
 63181 | Elf:2    | Found a runed translucent gate.
 63181 | Elf:2    | Found a runed translucent gate.
 63192 | Elf:2    | Found a runed translucent gate.
 63405 | Elf:2    | Reached skill level 5 in Stealth
 64021 | Elf:2    | Identified the blade talisman "Kuvoth" {rElec}
 64145 | Elf:3    | Entered Level 3 of the Elven Halls
 64415 | Elf:3    | Found Abrigh's Assorted Antiques.
 64497 | Elf:3    | Noticed Mara
 64505 | Elf:3    | Killed Mara
 67071 | Elf:3    | Identified the +0 sling of War {speed, rElec rPois Will-
                  | Dex+3}
 67088 | Elf:3    | Got the Reference Book on Transformed Exhumation
 67135 | Elf:3    | Identified the +0 ring mail "Zesiriokk" {+Inv Fly rCorr
                  | Dex+3}
 68122 | Vaults:4 | Noticed Xtahua
 68130 | Vaults:4 | Killed Xtahua
 68347 | Vaults:4 | Noticed Jory
 68659 | Vaults:4 | Killed Jory
 68660 | Vaults:4 | Reached XP level 24. HP: 103/184 MP: 2/38
 70962 | D:15     | Found a staircase to the Depths.
 71114 | Depths:1 | Entered Level 1 of the Depths
 71134 | Depths:1 | Found a gateway to Hell.
 71167 | Depths:1 | Found a flickering gateway to a bazaar.
 71191 | Bazaar   | Entered a bazaar
 71199 | Bazaar   | Found Enges's Book Shop.
 71199 | Bazaar   | Found Ledurgh's Book Shop.
 71206 | Bazaar   | Bought a book of Annihilations for 660 gold pieces
 71248 | Bazaar   | Bought a manual of Summonings for 880 gold pieces
 71278 | Depths:1 | Identified the +2 trident "Qytadgh Dune" {elec, *Noise
                  | Str+5}
 71286 | Depths:1 | Identified the granite talisman "Ajista" {rCorr Dex-5
                  | Slay+4 SInv}
 71545 | Depths:1 | Found a one-way gateway to a ziggurat.
 71857 | Depths:1 | Found a shadowy altar of Dithmenos.
 71863 | Depths:1 | Acquired a +6 triple crossbow
 71897 | Depths:1 | Found a one-way gate to the infinite horrors of the Abyss.
 72259 | Depths:1 | Found an ornate altar of the Wu Jian Council.
 72699 | Depths:2 | Found the +3 giant club "Skullcrusher" {speed, Str+7}
 73967 | Depths:2 | Noticed Bai Suzhen
 74010 | Depths:3 | Noticed Louise
 74014 | Depths:3 | Killed Louise
 74933 | Depths:3 | Noticed a juggernaut
 74939 | Depths:3 | Killed a juggernaut
 74941 | Depths:3 | Noticed a golden dragon
 75094 | Depths:3 | Killed a golden dragon
 75230 | Depths:3 | Reached XP level 25. HP: 193/193 MP: 36/40
 75283 | Depths:3 | Noticed a juggernaut
 75301 | Depths:3 | Killed a juggernaut
 75910 | Depths:3 | Found a one-way gate leading to the halls of Pandemonium.
 76913 | Depths:3 | Learned a level 9 spell: Shatter
 77115 | Depths:3 | Found an opulent altar of Gozag.
 77356 | Depths:4 | Entered Level 4 of the Depths
 77553 | Depths:4 | Reached skill level 15 in Fighting
 77737 | Depths:4 | Found a radiant altar of Vehumet.
 78075 | Depths:4 | Found a gate to the Realm of Zot.
 78211 | Depths:4 | Found Fawkurph's Book Emporium.
 78211 | Depths:4 | Found Waxkaud's Jewellery Shop.
 78212 | Depths:4 | Found Zuaschol's Jewellery Shop.
 78281 | Depths:4 | Found Zazicudalits's Assorted Antiques.
 78290 | Depths:4 | Bought a crystal longbow for 437 gold pieces
 78290 | Depths:4 | Identified the +5 longbow of Inquiry {freeze, Fly rPois
                  | rC-} (You bought it in a shop on level 4 of the Depths)
 78723 | Depths:1 | Voluntarily entered the Abyss.
 78896 | Abyss:1  | Gained mutation: You are clumsy. (Dex -2) [a neqoxec]
 79229 | Abyss:1  | Found a corrupted altar of Lugonu.
 79464 | Abyss:1  | Found a corrupted altar of Lugonu.
 79479 | Abyss:1  | Reached XP level 26. HP: 45/202 MP: 9/41
 79485 | Abyss:1  | Found a corrupted altar of Lugonu.
 79624 | Depths:1 | Escaped the Abyss
 79896 | Depths:1 | Voluntarily entered the Abyss.
 80303 | Abyss:3  | Lost mutation: You are clumsy. (Dex -2) [potion of
                  | mutation]
 80303 | Abyss:3  | Gained mutation: You are agile. (Dex +4, Str/Int -1)
                  | [potion of mutation]
 80303 | Abyss:3  | Gained mutation: You are somewhat resistant to further
                  | mutation. [potion of mutation]
 80329 | Depths:1 | Escaped the Abyss
 80419 | Depths:1 | Voluntarily entered the Abyss.
 80683 | Abyss:4  | Found a corrupted altar of Lugonu.
 80795 | Depths:1 | Escaped the Abyss
 80952 | Depths:1 | Voluntarily entered the Abyss.
 80988 | Abyss:4  | Reached skill level 15 in Spellcasting
 81015 | Abyss:4  | Lost mutation: You are agile. (Dex +4, Str/Int -1) [a
                  | neqoxec]
 81147 | Depths:1 | Escaped the Abyss
 81483 | Depths:1 | Voluntarily entered the Abyss.
 81717 | Abyss:4  | Got an abyssal rune of Zot
 81736 | Abyss:4  | Gained mutation: Your body sometimes deteriorates upon
                  | taking damage. [a neqoxec]
 81810 | Depths:1 | Escaped the Abyss
 81811 | Depths:1 | Lost mutation: You are somewhat resistant to further
                  | mutation. [potion of mutation]
 81811 | Depths:1 | Lost mutation: Your body sometimes deteriorates upon taking
                  | damage. [potion of mutation]
 81811 | Depths:1 | Gained mutation: You are dopey. (Int -2) [potion of
                  | mutation]
 81811 | Depths:1 | Gained mutation: You are frail. (-10% HP) [potion of
                  | mutation]
 81811 | Depths:1 | Gained mutation: You possess an exceptional clarity of
                  | mind. [potion of mutation]
 81811 | Depths:1 | Gained mutation: You have very sharp teeth. [potion of
                  | mutation]
 81812 | Depths:1 | Lost mutation: You have very sharp teeth. [potion of
                  | mutation]
 81812 | Depths:1 | Lost mutation: You possess an exceptional clarity of mind.
                  | [potion of mutation]
 81812 | Depths:1 | Gained mutation: Your body sometimes deteriorates upon
                  | taking damage. [potion of mutation]
 81812 | Depths:1 | Lost mutation: You are dopey. (Int -2) [potion of mutation]
 81812 | Depths:1 | Gained mutation: You occasionally lose the ability to drink
                  | potions when taking damage. [potion of mutation]
 81812 | Depths:1 | Gained mutation: You possess an exceptional clarity of
                  | mind. [potion of mutation]
 81813 | Depths:1 | Lost mutation: You occasionally lose the ability to drink
                  | potions when taking damage. [potion of mutation]
 81813 | Depths:1 | Lost mutation: You possess an exceptional clarity of mind.
                  | [potion of mutation]
 81813 | Depths:1 | Lost mutation: You are frail. (-10% HP) [potion of
                  | mutation]
 81813 | Depths:1 | Gained mutation: Potions are less effective at restoring
                  | your health. [potion of mutation]
 81814 | Depths:1 | Lost mutation: Potions are less effective at restoring your
                  | health. [potion of mutation]
 81814 | Depths:1 | Lost mutation: Your body sometimes deteriorates upon taking
                  | damage. [potion of mutation]
 81814 | Depths:1 | Gained mutation: Armour fits poorly on your strangely
                  | shaped body. [potion of mutation]
 81814 | Depths:1 | Gained mutation: You expend magic power (3 MP) to
                  | strengthen your wands. [potion of mutation]
 81814 | Depths:1 | Gained mutation: You have sharp toenails. [potion of
                  | mutation]
 81815 | Depths:1 | Lost mutation: You expend magic power (3 MP) to strengthen
                  | your wands. [potion of mutation]
 81815 | Depths:1 | Lost mutation: You have sharp toenails. [potion of
                  | mutation]
 81815 | Depths:1 | Lost mutation: Armour fits poorly on your strangely shaped
                  | body. [potion of mutation]
 81815 | Depths:1 | Gained mutation: You are dopey. (Int -2) [potion of
                  | mutation]
 81815 | Depths:1 | Gained mutation: You are agile. (Dex +4, Str/Int -1)
                  | [potion of mutation]
 81815 | Depths:1 | Gained mutation: Your muscles are strong. (Str +4, Int/Dex
                  | -1) [potion of mutation]
 81815 | Depths:1 | Gained mutation: Your system is resistant to poisons.
                  | (rPois) [potion of mutation]
 81816 | Depths:1 | Lost mutation: You are dopey. (Int -2) [potion of mutation]
 81816 | Depths:1 | Lost mutation: Your muscles are strong. (Str +4, Int/Dex
                  | -1) [potion of mutation]
 81816 | Depths:1 | Lost mutation: Your system is resistant to poisons. (rPois)
                  | [potion of mutation]
 81816 | Depths:1 | Gained mutation: You occasionally lose the ability to read
                  | scrolls when taking damage. [potion of mutation]
 81816 | Depths:1 | Gained mutation: You are partially covered in large bone
                  | plates. (SH +4) [potion of mutation]
 82003 | Zot:1    | Entered Level 1 of the Realm of Zot
 82073 | Zot:1    | Found a hazy altar of Hepliaklqana.
 82153 | Zot:1    | Reached skill level 10 in Dodging
 82194 | Zot:1    | Reached XP level 27. HP: 184/211 MP: 28/42
 83206 | Zot:1    | Noticed an orb of fire
 83248 | Zot:1    | Gained mutation: You are vulnerable to heat. (rF-) [an orb
                  | of fire]
 83253 | Zot:1    | Killed an orb of fire
 83256 | Zot:1    | Lost mutation: You occasionally lose the ability to read
                  | scrolls when taking damage. [potion of mutation]
 83256 | Zot:1    | Lost mutation: You are partially covered in large bone
                  | plates. (SH +4) [potion of mutation]
 83256 | Zot:1    | Lost mutation: You are vulnerable to heat. (rF-) [potion of
                  | mutation]
 83256 | Zot:1    | Gained mutation: You have sharp toenails. [potion of
                  | mutation]
 83256 | Zot:1    | Gained mutation: You are strong-willed. (Will+) [potion of
                  | mutation]
 83394 | Zot:1    | Noticed an orb of fire
 83406 | Zot:1    | Found the +4 dragonskin cloak
 83406 | Zot:1    | Noticed Tiamat
 83532 | Zot:1    | Killed an orb of fire
 84103 | Vaults:5 | Entered Level 5 of the Vaults
 84108 | Vaults:5 | Noticed Boris
 84112 | Vaults:5 | Killed Boris
 84116 | Vaults:5 | Noticed an ancient lich
 84117 | Vaults:5 | Identified the +0 arbalest of Etreisy {elec, *Corrode rElec
                  | rN++ Dex+2}
 84240 | Vaults:5 | Killed an ancient lich
 85012 | Vaults:5 | Got a silver rune of Zot
 85581 | Vaults:5 | Identified the +2 plate armour of the Sky {Harm Will- rCorr
                  | MP+9}
 85708 | Vaults:5 | Identified the ring of Qosag {MP+9 Int+3}
 86381 | Snake:3  | Bought the +9 swamp dragon scales "Kyteackael" {rPois MP+9
                  | Int+3} for 1656 gold pieces
 86381 | Snake:3  | Bought the +0 cloak "Juyxuf" {+Inv rF+ Will+} for 435 gold
                  | pieces
 86716 | Snake:1  | Identified the +8 whip "Matawky" {venom, rPois Dex+2}
 87061 | Lair:4   | Killed Cesoluadot's ghost
 87194 | Snake:3  | Bought the amulet of Oshin {Spirit -Tele rElec rN+ Int+3}
                  | for 712 gold pieces
 87396 | Swamp:1  | Killed Nikola
 87762 | Slime:1  | Entered Level 1 of the Pits of Slime
 90117 | Slime:5  | Entered Level 5 of the Pits of Slime
 90191 | Slime:5  | Gained mutation: Armour fits poorly on your strangely
                  | shaped body. [a shining eye]
 90421 | Slime:5  | Noticed the Royal Jelly
 90434 | Slime:5  | Killed the Royal Jelly
 90753 | Slime:5  | Identified the staff of Irritation {rPois rN+ Necro}
 90759 | Slime:5  | Found the +8 demon blade "Leech" {evervamp, Harm Drain rN+}
 90763 | Slime:5  | Identified the +0 ring mail of the Swan {rElec rPois rF+}
 90785 | Slime:5  | Identified the +4 scimitar of the Unseen Realm {venom,
                  | Will+}
 90789 | Slime:5  | Identified the +8 short sword "Joma" {freeze, rElec}
 90812 | Slime:5  | Got a slimy rune of Zot
 90814 | Slime:5  | Identified the ring of Generosity {rPois rF- Str+8 Int+2
                  | Stlth+}
 90830 | Slime:5  | Identified the +5 trident "Giantslayer" {heavy, *Corrode
                  | rPois rN+++ Int+5}
 91394 | D:11     | Acquired the +7 hand cannon of Uleneg {penet, rC+}
 91787 | Vaults:2 | Killed Armakuni's ghost
 91841 | Crypt:1  | Entered Level 1 of the Crypt
 91966 | Crypt:1  | Noticed Saint Roka
 91972 | Crypt:1  | Killed Saint Roka
 92333 | Crypt:1  | Noticed Sojobo
 92684 | Crypt:1  | Killed Sojobo
 93645 | Crypt:2  | Found the ring of the Octopus King
 93652 | Crypt:2  | Identified a ring of the Octopus King {Fly HP+2 AC+2 EV+2
                  | SH+2}
 93675 | Crypt:3  | Entered Level 3 of the Crypt
 94144 | Crypt:3  | Found a basalt altar of Yredelemnul.
 94400 | Crypt:3  | Acquired 850 gold pieces
 94444 | Crypt:3  | Reached skill level 27 in Ranged Weapons
 94693 | Crypt:3  | Identified the +7 whip of Destiny {speed, Dex+3 SInv}
 94957 | Crypt:3  | Noticed a royal mummy
 94973 | Crypt:3  | Killed a royal mummy
 95356 | Crypt:3  | Learned a level 9 spell: Polar Vortex
 95413 | Crypt:3  | Noticed Boris
 95413 | Crypt:3  | Found the +8 longbow "Zephyr" {speed, Dex+3 SInv}
 95423 | Crypt:3  | Killed Boris
 95749 | Crypt:3  | Found a staircase to the Tomb.
 96411 | Tomb:1   | Entered Level 1 of the Tomb of the Ancients
 96816 | Tomb:1   | Noticed Boris
 96826 | Tomb:1   | Killed Boris
 96899 | Tomb:1   | Identified the +0 scale mail of the Cicada {rPois}
 97068 | Tomb:1   | Noticed a royal mummy
 97331 | Tomb:1   | Killed a royal mummy
 97629 | Tomb:1   | Noticed a royal mummy
 97639 | Tomb:1   | Killed a royal mummy
 98959 | Tomb:1   | Noticed a royal mummy
 98992 | Tomb:1   | Killed a royal mummy
 99005 | Tomb:1   | Noticed a royal mummy
 99015 | Tomb:1   | Killed a royal mummy
 99017 | Tomb:1   | Noticed a royal mummy
 99025 | Tomb:1   | Killed a royal mummy
 99241 | Tomb:1   | Noticed a royal mummy
 99245 | Tomb:1   | Noticed a royal mummy
 99248 | Tomb:1   | Noticed a royal mummy
 99251 | Tomb:1   | Noticed a royal mummy
 99252 | Tomb:1   | Noticed a royal mummy
 99254 | Tomb:1   | Killed a royal mummy
 99255 | Tomb:1   | Killed a royal mummy
 99257 | Tomb:1   | Killed a royal mummy
 99257 | Tomb:1   | Killed a royal mummy
 99258 | Tomb:1   | Reached skill level 27 in Earth Magic
 99260 | Tomb:1   | Killed a royal mummy
 99262 | Tomb:1   | Noticed a royal mummy
 99265 | Tomb:1   | Noticed a royal mummy
 99265 | Tomb:1   | Noticed a royal mummy
 99269 | Tomb:1   | Killed a royal mummy
 99270 | Tomb:1   | Killed a royal mummy
 99271 | Tomb:1   | Killed a royal mummy
 99279 | Tomb:1   | Noticed a royal mummy
 99289 | Tomb:1   | Killed a royal mummy
 99335 | Tomb:1   | Noticed a royal mummy
 99350 | Tomb:1   | Killed a royal mummy
 99831 | Tomb:2   | Reached skill level 1 in Ice Magic
100011 | Tomb:3   | Entered Level 3 of the Tomb of the Ancients
100030 | Tomb:3   | Reached skill level 5 in Ice Magic
100036 | Tomb:3   | Noticed a royal mummy
100038 | Tomb:3   | Killed a royal mummy
100039 | Tomb:3   | Reached skill level 10 in Ice Magic
100040 | Tomb:3   | Noticed a royal mummy
100040 | Tomb:3   | Noticed a royal mummy
100042 | Tomb:3   | Noticed a royal mummy
100043 | Tomb:3   | Killed a royal mummy
100043 | Tomb:3   | Noticed a royal mummy
100045 | Tomb:3   | Killed a royal mummy
100045 | Tomb:3   | Noticed a royal mummy
100046 | Tomb:3   | Killed a royal mummy
100046 | Tomb:3   | Noticed a royal mummy
100051 | Tomb:3   | Killed a royal mummy
100051 | Tomb:3   | Noticed a royal mummy
100052 | Tomb:3   | Killed a royal mummy
100054 | Tomb:3   | Killed a royal mummy
100054 | Tomb:3   | Killed a royal mummy
100243 | Tomb:3   | Noticed a royal mummy
100265 | Tomb:3   | Found the ring of the Hare {EV+10}
100269 | Tomb:3   | Identified the +0 robe of the Stag {Harm rF+ Dex+3}
100278 | Tomb:3   | Identified the +1 mace of Miybakhi {heavy, rC+ Int+5}
100279 | Tomb:3   | Identified the +10 dagger "Setomob" {antimagic, rCorr
                  | Dex+4}
100311 | Tomb:3   | Identified the +10 plate armour of Indemnity {rPois Dex+5}
100312 | Tomb:3   | Identified the +2 shortbow "Ydwed" {drain, rN+ Stlth+}
100333 | Tomb:3   | Identified the staff of Tension {Int+2 Conj}
100340 | Tomb:3   | Identified the storm talisman "Ybotozuo" {Dex+2}
100412 | Tomb:3   | Killed a royal mummy
100734 | Tomb:3   | Identified the +0 whip of Uncertain Death {vamp, rN++}
100896 | Tomb:3   | Identified the +1 robe of the Sun {rElec rPois Str+7 Int-2}
100897 | Tomb:3   | Identified the staff of Coxiolal {rPois rCorr Stlth+
                  | Poison}
100953 | Tomb:3   | Got a golden rune of Zot
101119 | Tomb:2   | Noticed a royal mummy
101131 | Tomb:2   | Killed a royal mummy
101197 | Tomb:2   | Reached skill level 15 in Ice Magic
101198 | Tomb:2   | Noticed a royal mummy
101203 | Tomb:2   | Killed a royal mummy
101227 | Tomb:2   | Noticed a royal mummy
101238 | Tomb:2   | Killed a royal mummy
101402 | Tomb:2   | Noticed a royal mummy
101409 | Tomb:2   | Killed a royal mummy
102687 | Orc:2    | Bought a potion of magic for 160 gold pieces
102687 | Orc:2    | Bought a potion of resistance for 200 gold pieces
102687 | Orc:2    | Bought a potion of heal wounds for 100 gold pieces
102688 | Orc:2    | Bought a potion of lignification for 36 gold pieces
102688 | Orc:2    | Bought a potion of attraction for 36 gold pieces
102688 | Orc:2    | Bought a potion of brilliance for 48 gold pieces
102883 | D:8      | Bought a potion of lignification for 42 gold pieces
103254 | Zot:2    | Noticed an orb of fire
103588 | Zot:2    | Gained mutation: You are weak. (Str -2) [an orb of fire]
103932 | Zot:1    | Found a broken altar of Ashenzari.
104162 | Zot:1    | Killed Tiamat
105010 | Zot:2    | Gained mutation: Your body sometimes deteriorates upon
                  | taking damage. [an orb of fire]
105017 | Zot:2    | Killed an orb of fire
105858 | Zot:2    | Identified the +2 pair of gloves of the Tuna {Regen+
                  | Slay+3}
107191 | Zot:2    | Identified the amulet of Siduinun {Spirit Contam rPois rN+}
110145 | Zot:4    | Noticed Vv
110181 | Zot:4    | Killed Vv
110561 | Hell     | Entered the Vestibule of Hell
110561 | Hell     | Noticed Geryon
110574 | Hell     | Killed Geryon
110795 | Hell     | Found a gateway to the Iron City of Dis.
110983 | Hell     | Found a gateway to the ashen valley of Gehenna.
111087 | Hell     | Found a gateway to the freezing wastes of Cocytus.
111297 | Hell     | Found a gateway to the decaying netherworld of Tartarus.
111557 | Zig:1    | Entered Level 1 of a ziggurat
111696 | Zig:2    | Entered Level 2 of a ziggurat
111728 | Zig:3    | Entered Level 3 of a ziggurat
111774 | Zig:4    | Entered Level 4 of a ziggurat
111809 | Zig:5    | Entered Level 5 of a ziggurat
111914 | Zig:6    | Entered Level 6 of a ziggurat
112060 | Zig:7    | Entered Level 7 of a ziggurat
112066 | Zig:7    | Noticed a dread lich
112068 | Zig:7    | Killed a dread lich
112192 | Zig:8    | Entered Level 8 of a ziggurat
112198 | Zig:8    | Noticed a dread lich
112198 | Zig:8    | Noticed a dread lich
112200 | Zig:8    | Killed a dread lich
112200 | Zig:8    | Killed a dread lich
112212 | Zig:8    | Identified the +7 eveningstar of the Heart {heavy, rElec
                  | rPois rC+ Int+2}
112229 | Zig:8    | Identified the +0 chain mail of Duarud {rC+}
112356 | Zig:9    | Entered Level 9 of a ziggurat
112582 | Zig:10   | Entered Level 10 of a ziggurat
112746 | Zig:10   | Identified the +6 chain mail of Rimnus {rN+}
112786 | Zig:11   | Entered Level 11 of a ziggurat
113002 | Zig:11   | Identified the +6 battleaxe of Plunder {freeze, *Rage rElec
                  | rN+ Int+4}
113012 | Zig:11   | Identified the ring of the Lily {Fire rElec Str+2}
113021 | Zig:12   | Entered Level 12 of a ziggurat
113030 | Zig:12   | Noticed a Killer Klown
113030 | Zig:12   | Noticed a Killer Klown
113030 | Zig:12   | Noticed a Killer Klown
113031 | Zig:12   | Noticed Turem the pandemonium lord
113031 | Zig:12   | Noticed Rukol Loa the pandemonium lord
113032 | Zig:12   | Found the +3 warlock's mirror {omnireflect}
113032 | Zig:12   | Noticed a Killer Klown
113037 | Zig:12   | Killed a Killer Klown
113037 | Zig:12   | Killed a Killer Klown
113037 | Zig:12   | Killed a Killer Klown
113037 | Zig:12   | Killed Rukol Loa the pandemonium lord
113037 | Zig:12   | Killed a Killer Klown
113039 | Zig:12   | Killed Turem the pandemonium lord
113231 | Zig:12   | Identified the +1 mace of Distraction {freeze, Int+2 SInv}
113234 | Zig:12   | Identified the +4 robe of Qyugaom {rN+ Will+}
113314 | Zig:12   | Learned a level 8 spell: Ignition
113315 | Zig:13   | Entered Level 13 of a ziggurat
113332 | Zig:13   | Found the +5 scythe "Finisher" {speed, execute}
113429 | Zig:13   | Identified the +1 plate armour of the Gastropod {*Slow
                  | rElec rC+++ Stlth-}
113433 | Zig:13   | Identified the +2 glaive of the Other Side {venom, +Blink
                  | Dex+2 Stlth-}
113437 | Zig:13   | Identified the ring "Neguxid" {AC+4 Str+3 Slay+3 Stlth+}
113501 | Zig:14   | Entered Level 14 of a ziggurat
113520 | Zig:14   | Reached skill level 10 in Fire Magic
113521 | Zig:14   | Reached skill level 27 in Ice Magic
113731 | Zig:15   | Entered Level 15 of a ziggurat
113965 | Zig:16   | Entered Level 16 of a ziggurat
114137 | Zig:16   | Identified the +6 eveningstar of Exoarghax {flame, rPois}
114193 | Zig:16   | Identified the amulet "Bioko" {Faith rElec Str+2 Stlth+}
114208 | Zig:17   | Entered Level 17 of a ziggurat
114221 | Zig:17   | Found the amulet of Vitality {RegenMP++ Regen++}
114362 | Zig:17   | Identified the +0 ring mail of the Ten Allies {Harm rC++
                  | Int+3 Dex-2}
114438 | Zig:18   | Entered Level 18 of a ziggurat
114458 | Zig:18   | Reached skill level 15 in Fire Magic
114668 | Zig:18   | Identified the +9 great mace of Kismet {freeze, Str+2}
114715 | Zig:18   | Learned a level 9 spell: Fire Storm
114716 | Zig:19   | Entered Level 19 of a ziggurat
115001 | Zig:19   | Found the +4 robe of Folly {Brill Will-∞ Int+8}
115021 | Zig:19   | Got the Guide on the Traveller and the Mountains
115033 | Zig:19   | Acquired a Necronomicon
115041 | Zig:19   | Identified the ring of the Leaping Pariah {rPois rF+ Slay+2
                  | SInv}
115059 | Zig:20   | Entered Level 20 of a ziggurat
115238 | Zig:20   | Identified the +3 long sword "Cinairgh" {pain, Fragile rC++
                  | SInv Stlth+}
115239 | Zig:20   | Identified the ring of Spite {Fire *Corrode rN+++ Will-
                  | SInv}
115241 | Zig:20   | Identified the +11 shortbow "Seecsule" {speed, Int+2 Dex+3}
115267 | Zig:20   | Reached skill level 5 in Shapeshifting
115273 | Zig:20   | Identified the +1 robe "Xoeron" {Str+3 Slay+3}
115318 | Zig:21   | Entered Level 21 of a ziggurat
115324 | Zig:21   | Noticed Isoi the pandemonium lord
115325 | Zig:21   | Noticed Toume the pandemonium lord
115325 | Zig:21   | Noticed Xestruni the pandemonium lord
115325 | Zig:21   | Noticed Onink the pandemonium lord
115327 | Zig:21   | Noticed a Killer Klown
115328 | Zig:21   | Noticed Deimam the pandemonium lord
115328 | Zig:21   | Noticed Ozefat the pandemonium lord
115328 | Zig:21   | Noticed Axiejaaw the pandemonium lord
115328 | Zig:21   | Noticed Zoimuh the pandemonium lord
115329 | Zig:21   | Noticed Ufarphaim the pandemonium lord
115331 | Zig:21   | Noticed a Killer Klown
115331 | Zig:21   | Noticed Essu Baathist the pandemonium lord
115331 | Zig:21   | Noticed a Killer Klown
115331 | Zig:21   | Noticed a Killer Klown
115332 | Zig:21   | Killed a Killer Klown
115333 | Zig:21   | Killed a Killer Klown
115333 | Zig:21   | Killed a Killer Klown
115333 | Zig:21   | Killed Isoi the pandemonium lord
115333 | Zig:21   | Killed Xestruni the pandemonium lord
115333 | Zig:21   | Killed Ozefat the pandemonium lord
115334 | Zig:21   | Killed Onink the pandemonium lord
115334 | Zig:21   | Killed a Killer Klown
115334 | Zig:21   | Killed Toume the pandemonium lord
115337 | Zig:21   | Noticed Dibisi the pandemonium lord
115339 | Zig:21   | Killed Zoimuh the pandemonium lord
115347 | Zig:21   | HP: 8/228 [Axiejaaw the pandemonium lord (22)]
115350 | Zig:21   | Engulfed by Axiejaaw the pandemonium lord's freezing vapour

Illustrated notes

Levels and vault maps discovered:
D:1:      matt_arrival_grand_opening, layout_basic, nrook_mini_vaults,
          minmay_splitting_lines, minmay_pentomino_w4
D:2:      minmay_evil_eye, layout_basic, serial_shops, nicolae_square_shop,
          grunt_ministairs_7, minmay_misc_feat_square,
          nicolae_figureground_pulse
D:3:      layout_basic, shapermc_ecumenical_altar_mp_urbaneastern, hex_tiny,
          st_stairs_13, minivault_5, serial_bayou_crossing, uniq_grinder
D:4:      layout_basic
D:5:      layout_basic, nicolae_hepliaklqana_hippocampus,
          mainiacjoe_overflow_tiny_flanked, gammafunk_ghost_mausoleum,
          dreamdust_princess_bridge
D:6:      layout_rooms, grunt_temple_overflow_cloverleaf,
          minmay_temple_entry_antechambers, gammafunk_ghost_hive, minmay_holes,
          nicolae_nh_oracle_at_delphi, uniq_edmund, uniq_blork_the_orc
D:7:      layout_rooms, serial_corexii_hall, corexii_hall_statues_x,
          corexii_hall_statues_i, nicolae_letterblocks [nicolae_letter_subblock,
          nicolae_letter_subblock, nicolae_letter_subblock,
          nicolae_letter_subblock, nicolae_letter_subblock,
          nicolae_letter_subblock, nicolae_letter_subblock,
          nicolae_letter_subblock, nicolae_letter_subblock,
          nicolae_letter_subblock, nicolae_letter_subblock,
          nicolae_letter_subblock, nicolae_letter_subblock,
          nicolae_letter_subblock, nicolae_letter_subblock,
          nicolae_letter_subblock, nicolae_letter_subblock,
          nicolae_letter_subblock, nicolae_letter_subblock,
          nicolae_letter_subblock, nicolae_letter_subblock,
          nicolae_letter_subblock, nicolae_letter_subblock,
          nicolae_letter_subblock, nicolae_letter_subblock], uniq_joseph
D:8:      layout_cave_pools, kennysheep_little_box,
          gammafunk_temple_overflow_statue, serial_shops, shop,
          nicolae_tricolors, uniq_maurice
D:9:      layout_stronghold, serial_shops, shop, kennysheep_big_empty_room,
          roderic_roman_lattice, uniq_grum
D:10:     layout_basic, serial_shops, shop, serial_co_window_serial,
          co_window_of_opportunity_a, co_window_paths_a, co_window_corner_a,
          co_window_of_opportunity_a, co_window_paths_a, co_window_broadway_c,
          co_window_unsneaky_path_b, co_window_corner_b, co_window_cross_3,
          co_window_broadway_b, glass_columns_a, glass_columns_b,
          glass_columns_a, glass_columns_a, glass_columns_c
D:11:     layout_roguey, dpeg_lair_monsters, david_orc_4, serial_shops, shop
D:12:     layout_cave_pods, minivault_25
D:13:     layout_irregular_city, serial_bayou, serial_bayou_lagoon_a,
          serial_bayou_lake_a, serial_bayou_pond_c, serial_bayou_pond_e,
          uniq_azrael, uniq_rupert, uniq_frances
D:14:     layout_stronghold, lightli_vaults_fourway_checkpoint, st_stairs_1,
          uniq_snorg
D:15:     grunt_enter_depths_hoard, layout_stronghold, hangedman_decor_growths,
          uniq_agnes
Temple:   oiseaux_autumnal_temple
Lair:1:   layout_cave_pods, infiniplex_staircase_pool
Lair:2:   nzn_winding_woodlands_small [nzn_winding_woodlands_5x15_pool,
          nzn_winding_woodlands_center_lodge,
          nzn_winding_woodlands_5x15_river_crossing], layout_cave_pods
Lair:3:   layout_misc_corridors, minmay_swamp_entry_reptiles,
          minmay_snake_entry_guardpost_medium, nicolae_lair_grazing_beasts
          [nicolae_sub_lair_graze_edge, nicolae_sub_lair_graze_edge,
          nicolae_sub_lair_graze_edge, nicolae_sub_lair_graze_edge]
Lair:4:   layout_loops_ring, dpeg_slime_entry_enclosed, enter_volcano_2,
          gammafunk_ghost_grave
Lair:5:   evilmike_catoblepas_cave, layout_long_grid, wad_woods_02,
          infiniplex_staircase_pool_2, lemuel_fruit_tree, uniq_josephine
Swamp:1:  layout_basic_swamp, hangedman_swamp_cone, hangedman_swamp_ravenous,
          uniq_nikola
Swamp:2:  layout_basic_swamp, portal_ice_cave_entry_pillars_three,
          nicolae_swamp_well_well_well, swamp_pool_1_2
Swamp:3:  tekkud_swamp_unearthing_site, layout_basic_swamp,
          evilmike_swamp_ruin_house_4, hangedman_swamp_ruin_wall, swamp_pool_1_2
Swamp:4:  byrel_swamp_growth_death_and_undeath, layout_basic_swamp
Snake:1:  nrook_guardian_serpent_snake_passage, layout_grid_shapes, uniq_aizul
Snake:2:  gammafunk_the_bubble [the_bubble_gammafunk_grid], layout_rooms,
          st_stairs_10, nicolae_specific_store
Snake:3:  layout_rooms, special_room, minmay_shoptagon
Snake:4:  grunt_snake_rune_serpentine_throne, layout_layer_cave,
          serial_bayou_pond_e, minmay_shop_star, grunt_megastairs_5
Slime:1:  layout_caves
Slime:2:  layout_caves
Slime:3:  cheibrodos_slime_lost_civilization_10, layout_caves,
          nicolae_slime_crime_time
Slime:4:  layout_caves, special_room [special_room_jelly],
          nicolae_slime_welcoming_committee
Slime:5:  slime_pit_nicolae_royal_road_to_ruin
Orc:1:    layout_caves
Orc:2:    st_orc_pillars, layout_diamond_mine
Elf:1:    layout_loops_cross, hangedman_elven_crosses_minicolossus,
          hangedman_elf_represent, uniq_jorgrun
Elf:2:    elven_hall_of_blades_hangedman_original
          [nicolae_blade_entry_pointy_end], layout_gridlike, lemuel_elevator
Elf:3:    minmay_elf_hall_curves, layout_onion_city, serial_shops, shop,
          uniq_mara
Vaults:1: nicolae_vaults_diffraction_hallways, nicolae_vaults_tetromino_L_1,
          nicolae_vaults_trapezoid_2, nicolae_vaults_weapon_check,
          nicolae_vaults_tetromino_L_2, hangedman_vaults_stagger,
          nicolae_vaults_little_squares_6, nicolae_vaults_little_ls,
          nicolae_vaults_octothorpe, nicolae_vaults_lightning_bolt,
          dpeg_vaults_monster_row, vaults_room_fours,
          vaults_dpeg_emergency_exit, layout_vaults_omnicross, uniq_donald
Vaults:2: ebering_ghost_inner_flame, minmay_crypt_entry_nasty_monster,
          nicolae_vaults_inception_network, nicolae_vaults_door_testing_chamber,
          v_misc_11, ontoclasm_vaults_claustrophobia, v_misc_11, v_pattern_2,
          layout_vaults_omnibox
Vaults:3: v_misc_3, minmay_guarded_unrand_sword_of_power,
          nicolae_vaults_diamond_1, v_pattern_4, nicolae_vaults_spaceships,
          v_misc_4, nicolae_vaults_network_quincunx
          [nicolae_vaults_network_quincunx_subvault,
          nicolae_vaults_network_quincunx_subvault,
          nicolae_vaults_network_quincunx_subvault,
          nicolae_vaults_network_quincunx_subvault,
          nicolae_vaults_network_quincunx_subvault], vaults_mumra_minichess,
          nicolae_vaults_tetromino_T_2, nicolae_vaults_storage_room_glass,
          nicolae_vaults_diagonal_hallway_8, nicolae_vaults_trapezoid_layered,
          layout_vaults_chaotic_city, uniq_zenata
Vaults:4: hangedman_vaults_river_flow, ontoclasm_vaults_ring_square,
          nicolae_vaults_mini_display_case, grunt_vaults_diagonal,
          nicolae_vaults_more_shelving_1, nicolae_vaults_network_star,
          nicolae_vaults_offset_grid_hallway_2, v_misc_10, vaults_room_fours,
          nicolae_vaults_oval_intersection, nicolae_vaults_tetromino_T_2,
          nicolae_vaults_trapezoid_2, v_misc_14, vaults_mumra_chevron_long,
          nicolae_vaults_security_offices_5, nicolae_vaults_tetromino_T_2,
          nicolae_vaults_shelves_hall, layout_vaults_maze, uniq_jory,
          uniq_xtahua
Vaults:5: uniq_boris
Crypt:1:  layout_chaotic_city, nrook_guardian_serpent_ordinary, uniq_sojobo,
          uniq_saint_roka
Crypt:2:  layout_chaotic_city, serial_glass, glass_columns_b, glass_columns_a
Crypt:3:  evilmike_haunted_forest
Tomb:1
Tomb:2
Tomb:3
Depths:1: layout_gridlike, enter_ziggurat_d, abyss_entry, grunt_dithmenos_smoke,
          grunt_mini_vestibule, serial_shops, bzr_entry_lakeside,
          chequers_serial_rivers_micro_d, skrybe_limestone_x,
          kennysheep_decorative_pillar, nicolae_wu_jian_wuxing_cycle
Depths:2: radiant_caverns_a_rkd, hell_entry, abyss_entry, pan_entry,
          uniq_bai_suzhen
Depths:3: minmay_dotted_concentric_squares, layout_basic,
          grunt_gozag_breadcrumbs, grunt_hell_entry_dis_grunt,
          nicolae_abyss_entry_one_way_or_another, rand_demon_pan_entry_9,
          minmay_staircase_windowed_small, serial_bayou_shore_b
Depths:4: grunt_twist_and_shout, layout_gridville, hell_entry,
          nicolae_vehumet_radiance, serial_shops, shop, rand_demon_pan_entry_3,
          abyss_entry, minmay_shop_grove, serial_bayou_shore_b
Hell
Zot:1:    layout_cathedral_of_symmetry, hangedman_feature_mirror,
          uniq_josephina, uniq_tiamat
Zot:2:    gammafunk_mikee_crab_dinner, layout_basic,
          regret_index_zotdec_onion_hex, st_grand_hoard_of_tiamat
Zot:3:    layout_gridlike, regret_index_zotdec_banners
Zot:4:    layout_gridlike, grunt_megastairs_3, uniq_vv
Zig:21

Skill      XL: |  1  2  3  4  5  6  7  8  9 10 11 12 13 14 15 16 17 18 19 20 21 22 23 24 25 26 27 |
---------------+----------------------------------------------------------------------------------+-----
Fighting       | 3 4 5 7 8 9 10 11 12 13 14 15 16 21 | 21.0
Ranged Weapons | 5 6 7 9 10 11 12 13 14 15 18 20 21 27 | 27.0
Poison Magic   | 5 9 11 12 13 14 | 14.0
Armour         | 3 5 6 8 9 |  9.0
Spellcasting   | 2 4 5 6 7 8 9 10 11 13 14 15 22 | 22.0
Fire Magic     | 4 6 8 9 19 | 19.3
Evocations     | 2 5 7 9 |  9.0
Dodging        | 4 5 6 7 8 10 13 | 13.0
Stealth        | 3 4 6 |  6.0
Earth Magic    | 3 6 9 10 13 16 17 19 20 21 22 23 27 | 27.0
Conjurations   | 2 4 7 8 10 12 13 15 16 17 18 | 18.0
Transmutations | 1 4 5 6 9 |  9.0
Shields        | 5 8 11 13 15 | 15.0
Necromancy     | 2 3 |  3.3
Ice Magic      | 27 | 27.0
Shapeshifting  | 8 |  8.5

Action                     |  1- 3 |  4- 6 |  7- 9 | 10-12 | 13-15 | 16-18 | 19-21 | 22-24 | 25-27 || total
---------------------------+-------+-------+-------+-------+-------+-------+-------+-------+-------++-------
  Melee: Staff             |       |       |       |       |       |       |       |       |     6 ||     6
   Fire: Shortbow          |   136 |   123 |   466 |    45 |       |       |       |       |       ||   770
         Orcbow            |       |       |       |   582 |   722 |   517 |       |       |       ||  1821
         Arbalest          |       |       |       |       |       |   223 |   453 |       |       ||   676
         Longbow           |       |       |       |       |       |       |   295 |   491 |  1356 ||  2142
         Triple crossbow   |       |       |       |       |       |       |       |   194 |  1849 ||  2043
  Throw: Dart              |       |       |       |       |       |     1 |       |       |       ||     1
   Cast: Olgreb's Toxic Ra |       |       |       |    63 |   143 |   125 |   107 |   148 |    44 ||   630
         Ignite Poison     |       |       |       |    11 |    77 |   152 |    83 |   107 |    26 ||   456
         Brom's Barrelling |       |       |       |       |       |    17 |     5 |     2 |       ||    24
         Mephitic Cloud    |       |       |       |       |       |    55 |    54 |    17 |     4 ||   130
         Lee's Rapid Decon |       |       |       |       |       |    56 |    16 |    16 |     3 ||    91
         Borgnjor's Vile C |       |       |       |       |       |       |       |   148 |   110 ||   258
         Bombard           |       |       |       |       |       |       |       |    19 |    21 ||    40
         Lehudib's Crystal |       |       |       |       |       |       |       |    31 |   100 ||   131
         Shatter           |       |       |       |       |       |       |       |       |   221 ||   221
         Polar Vortex      |       |       |       |       |       |       |       |       |    14 ||    14
         Ignition          |       |       |       |       |       |       |       |       |     1 ||     1
 Invoke: Potion Petition   |       |       |       |       |       |     5 |       |     4 |    54 ||    63
         Call Merchant     |       |       |       |       |       |       |     2 |       |       ||     2
Ability: Dig               |       |       |       |       |       |       |       |       |     1 ||     1
  Evoke: Wand              |       |       |     1 |    20 |    14 |    18 |     7 |     1 |    36 ||    97
         Phial of floods   |       |       |       |       |       |       |       |     1 |       ||     1
    Use: Scroll            |       |     5 |     4 |     8 |    11 |     7 |     8 |    12 |    15 ||    70
         Potion            |       |       |     4 |     3 |     8 |     6 |     3 |     4 |    72 ||   100
 Armour: Leather armour    |    12 |    26 |   210 |   229 |    19 |       |       |       |       ||   496
         Ring mail         |     2 |       |       |       |       |       |       |       |       ||     2
         Skin              |       |       |       |     5 |       |       |       |       |   122 ||   127
         Robe              |       |       |       |       |   114 |   406 |   208 |   156 |   549 ||  1433
  Dodge: Dodged            |    26 |    16 |   128 |   254 |   171 |   486 |   254 |   172 |   816 ||  2323
  Block: Buckler           |       |       |       |       |       |   166 |   117 |       |    35 ||   318
         Kite shield       |       |       |       |       |       |       |    72 |   207 |   980 ||  1259
         Reflection        |       |       |       |       |       |       |       |       |     9 ||     9

Table legend: (Time is in decaauts)
 A = Elapsed time spent in this place.
 B = Non-inter-level travel time spent in this place.
 C = Inter-level travel time spent in this place.
 D = Time resting spent in this place.
 E = Time spent auto-exploring this place.
 F = Levels seen in this place.
 G = Mean time per level.
                   A        B        C        D        E       F      G
               +--------+--------+--------+--------+--------+-----+--------+
         Total | 116007 | 106994 |   9013 |  19774 |  59795 |  91 | 1274.8 |
       Dungeon |  24027 |  20936 |   3091 |   3344 |  12323 |  15 | 1601.8 |
        Temple |     54 |      2 |     52 |      0 |      0 |   1 |   54.0 |
          Lair |   9466 |   8214 |   1252 |    936 |   5836 |   5 | 1893.2 |
         Swamp |   8417 |   8045 |    372 |   2792 |   3164 |   4 | 2104.2 |
     Snake Pit |   7078 |   6587 |    491 |   1068 |   3571 |   4 | 1769.5 |
    Slime Pits |   3530 |   3350 |    180 |     15 |   2530 |   5 |  706.0 |
  Orcish Mines |   2962 |   2588 |    374 |    606 |   1537 |   2 | 1481.0 |
   Elven Halls |   7158 |   6924 |    234 |   1073 |   4356 |   3 | 2386.0 |
        Vaults |  14152 |  12861 |   1291 |   2741 |   7217 |   5 | 2830.4 |
         Crypt |   5090 |   4627 |    463 |    601 |   3059 |   3 | 1696.7 |
          Tomb |   4956 |   4825 |    131 |    342 |   3324 |   3 | 1652.0 |
        Depths |   9702 |   9024 |    678 |   2765 |   4159 |   4 | 2425.5 |
          Hell |    854 |    851 |      3 |      0 |    659 |   1 |  854.0 |
           Zot |   8394 |   7999 |    395 |    894 |   5451 |   4 | 2098.5 |
         Abyss |   2480 |   2480 |      0 |      0 |      0 |   8 |  310.0 |
      Ziggurat |   3716 |   3716 |      0 |    546 |   2064 |  21 |  177.0 |
        Bazaar |     81 |     81 |      0 |      0 |      0 |   1 |   81.0 |
      Ice Cave |   2534 |   2534 |      0 |   1372 |    480 |   1 | 2534.0 |
       Volcano |   1347 |   1347 |      0 |    676 |     64 |   1 | 1347.0 |
               +--------+--------+--------+--------+--------+-----+--------+

Top non-repeatable levels by time:
Vaults:2: 3391 daAuts
Depths:3: 3299 daAuts
Vaults:4: 3227 daAuts
Vaults:1: 3117 daAuts
   Elf:3: 3098 daAuts
 Crypt:3: 3070 daAuts
Vaults:3: 3050 daAuts
 Swamp:3: 3007 daAuts
 Snake:4: 2930 daAuts
   Zot:1: 2916 daAuts
   Zot:2: 2819 daAuts
  Tomb:1: 2784 daAuts
 Swamp:4: 2564 daAuts
   IceCv: 2534 daAuts
Depths:1: 2470 daAuts
